 Dungeon Sprint DCSS version 0.21-a0-297-ga3d34c2 (webtiles) character file.

84 Cadaver the Ruffian (level 4, 0/42 HPs)
             Began as a Ghoul Warper on Sept 28, 2017.
             Slain by a killer bee (2 damage)
             ... in the Dungeon (Sprint IV: "Fedhas' Mad Dash").
             The game lasted 00:02:31 (742 turns).

Cadaver the Ruffian (Ghoul Warper)                   Turns: 742, Time: 00:02:32

Health: 0/42       AC:  3    Str: 14    XL:     4   Next: 45%
Magic:  5/5        EV: 11    Int:  8    God:
Gold:   83         SH:  0    Dex:  9    Spells: 6/6 levels left

rFire    . . .     SeeInvis .     - Unarmed
rCold    + . .     Gourm    .   (no shield)
rNeg     + + +     Faith    .   a - +0 leather armour
rPois    ∞         Spirit   .   (no helmet)
rElec    .         Reflect  .   (no cloak)
rCorr    .         Harm     .   (no gloves)
MR       .....     NoTele   +   (no boots)
Stlth    +.........             e - amulet of invisibility {+Inv}
HPRegen  0.00/turn              (no ring)
MPRegen  0.09/turn              (no ring)

@: very slightly contaminated, rotting, hasted, very quick
A: rotting body, claws 1, carnivore 3, cold resistance 1, negative energy
resistance 3, inhibited regeneration, torment resistance, unbreathing
a: Evoke Invisibility


You were in the Dungeon.
You were not hungry.

You visited 1 branch You collected 83 gold pieces.

Inventory:

Missiles
 d - 5 tomahawks of dispersal (quivered)
 g - 13 stones
Armour
 a - a +0 leather armour (worn)
Jewellery
 e - the amulet of invisibility (around neck) {+Inv}
   (You found it in the Dungeon)

   [amulet of nothing]

   It lets you turn invisible.
Scrolls
 c - 2 scrolls of blinking
Potions
 i - 2 potions of magic
 j - a potion of berserk rage
Books
 b - a book of Spatial Translocations

   Spells                             Type                      Level
   a - Blink                          Translocation                2
   b - Shroud of Golubria             Charms/Translocation         2
   c - Lesser Beckoning               Translocation                3
   d - Gell's Gravitas                Translocation                3
   e - Teleport Other                 Translocation                3
   f - Passage of Golubria            Translocation                4


   Skills:
 + Level 5.5 Fighting
 - Level 0.8 Throwing
 + Level 3.2 Armour
 - Level 1.7 Dodging
 + Level 1.7 Stealth
 + Level 6.3 Unarmed Combat
 - Level 1.7 Spellcasting
   Level 2.6 Translocations
 + Level 0.6 Evocations


You had 6 spell levels left.
You didn't know any spells.

Dungeon Overview and Level Annotations

Branches:
Dungeon (1/1)

Altars:


Innate Abilities, Weirdness & Mutations

Your body is rotting away.
You thrive on raw meat.
You are immune to poison.
You have sharp fingernails.
You are carnivorous and can eat meat at any time.
Your flesh is cold resistant. (rC+)
You are immune to negative energy. (rN+++)
You do not regenerate when monsters are visible.
You are immune to unholy pain and torment.
You can survive without breathing.


Message History

The killer bee is lightly wounded.
The killer bee barely misses you.
The killer bee stings you but does no damage.
You miss the killer bee.
The killer bee is lightly wounded.
The killer bee stings you!
* * * LOW HITPOINT WARNING * * *
The killer bee misses you.
You miss the killer bee.
The killer bee is lightly wounded.
The killer bee stings you.
* * * LOW HITPOINT WARNING * * *
The killer bee stings you.
* * * LOW HITPOINT WARNING * * *
Okay, then.
You eat the meat ration.
That meat ration really hit the spot!
The killer bee stings you but does no damage.
The killer bee barely misses you.
You feel yourself speed up. The killer bee stings you.
You die...

##################
#<..P#.....#y....#
#PP..'.....+y#.[.+
#PPPP#.....#@#...#
###############'##
♣...y....'...#
.....♣.....#...#


.yy ♣..♣..###### + #+##### You could see a queen bee and a killer bee.

Vanquished Creatures
  2 oklob saplings (D)
  A worker ant (D)
  A river rat (D)
  A rat (D)
5 creatures vanquished.

Notes
Turn   | Place    | Note
-------+----------+-------------------------------------------
     0 | D        | Cadaver the Ghoul Warper began the quest for the Orb.
     0 | D        | Reached XP level 1. HP: 17/17 MP: 2/2
    17 | D        | Reached skill level 1 in Armour
    17 | D        | Reached skill level 3 in Unarmed Combat
    17 | D        | Reached XP level 2. HP: 4/26 MP: 3/3
   198 | D        | Noticed an oklob sapling
   460 | D        | Reached skill level 4 in Unarmed Combat
   460 | D        | Reached XP level 3. HP: 10/34 MP: 4/4
   677 | D        | Killed an oklob sapling
   677 | D        | Reached skill level 5 in Fighting
   677 | D        | Reached skill level 1 in Stealth
   677 | D        | Reached skill level 5 in Unarmed Combat
   677 | D        | Reached XP level 4. HP: 42/42 MP: 5/5
   681 | D        | Found the amulet of invisibility {+Inv}
   699 | D        | Reached skill level 6 in Unarmed Combat
   723 | D        | Noticed a queen bee
   740 | D        | HP: 2/42 [killer bee (4)]
   742 | D        | Slain by a killer bee

Vault maps used:
D:        dungeon_sprint_fedhas

Skill      XL: |  1  2  3  4 |
---------------+-------------+-----
Fighting       | 3 4 5 |  5.5
Armour         | 1 2 3 |  3.2
Unarmed Combat | 3 4 5 6 |  6.3
Stealth        | 1 |  1.7
Throwing       | |  0.8
Dodging        | |  1.7
Spellcasting   | |  1.7
Translocations | |  2.6
Evocations     | |  0.6

Action                   |  1- 3 |  4- 6 || total
-------------------------+-------+-------++-------
Melee: Unarmed           |    31 |     6 ||    37
       Punch             |     1 |       ||     1
 Abil: Evoke Invisibilit |       |     1 ||     1
  Use: Potion            |     2 |     1 ||     3
 Stab: Sleeping          |       |     1 ||     1
  Eat: Chunk             |     2 |       ||     2
       Meat ration       |       |     1 ||     1
Armor: Leather armour    |     3 |     4 ||     7
Dodge: Dodged            |    14 |     7 ||    21

Table legend:
 A = Spawn XP
 B = Non-spawn XP
 C = Spawn XP percentage of total XP
 D = Spawn monster count
 E = Non-spawn monster count
 F = Spawn count percentage of total count
 G = Total turns spent on level
                    A         B        C        D         E        F      G
               +---------+---------+-------+---------+---------+-------+---------
         Total |       0 |     120 |   0.0 |       0 |       5 |   0.0 |   742
               +---------+---------+-------+---------+---------+-------+---------
             D |       0 |     120 |   0.0 |       0 |       5 |   0.0 |   742
               +---------+---------+-------+---------+---------+-------+---------
